TOP OF THE 1ST |
Greenville 84s batting - Pitching for Kalamazoo Royale with Cheese : RHP Miguel Angel Rodríguez
|
Pitching: RHP Miguel Angel Rodríguez
|
|
Batting: RHB Carlos Torres
|
0-0: Ball 1-0: Foul Ball, location: 2F 1-1: Ball 2-1: Ball 3-1: Foul Ball, location: 2F 3-2: Strikes out swinging
|
Batting: LHB Chris Moore
|
0-0: Ball 1-0: Called Strike 1-1: Ball 2-1: Ball 3-1: Called Strike 3-2: Strikes out swinging
|
Batting: RHB Enzo Díaz
|
0-0: Foul Ball, location: 2F 0-1: Ball 1-1: Fly out, F8 (Flyball, 8LS)
|
Top of the 1st over - 0 run(s), 0 hit(s), 0 error(s), 0 left on base; Greenville 0 - Kalamazoo 0 |
BOTTOM OF THE 1ST |
Kalamazoo Royale with Cheese batting - Pitching for Greenville 84s : LHP Osvaldo Cruz
|
Pitching: LHP Osvaldo Cruz
|
|
Batting: RHB Fernando Martínez
|
0-0: Called Strike 0-1: Reached on error, E5 (Groundball, 56)
|
Batting: LHB Robinson Fernández
|
0-0: Called Strike 0-1: Ball 1-1: Ball Fernando Martínez steals 3rd base 2-1: Foul Ball, location: 2F 2-2: Strikes out swinging
|
Batting: RHB Run-ming Zhu
|
0-0: Called Strike 0-1: Foul Ball, location: 2F 0-2: Ball 1-2: Ball 2-2: Foul Ball, location: 2F 2-2: Ball 3-2: Ground out 6-3 (Groundball, 6) Fernando Martínez scores
|
Batting: RHB Juan Mendoza
|
0-0: Called Strike 0-1: Ball 1-1: Ground out 5-3 (Groundball, 56)
|
Bottom of the 1st over - 1 run(s), 0 hit(s), 1 error(s), 0 left on base; Greenville 0 - Kalamazoo 1 |
TOP OF THE 2ND |
Greenville 84s batting - Pitching for Kalamazoo Royale with Cheese : RHP Miguel Angel Rodríguez
|
Batting: LHB Jimmy Vickers
|
0-0: Foul Ball, location: 2F 0-1: Ball 1-1: Called Strike 1-2: Foul Ball, location: 2F 1-2: Strikes out swinging
|
Batting: LHB Paco Rosas
|
0-0: Called Strike 0-1: Ball 1-1: Ball 2-1: Called Strike 2-2: Ball 3-2: Foul Ball, location: 2F 3-2: Foul Ball, location: 2F 3-2: Fly out, F6 (Popup, 56D)
|
Batting: LHB Kiyonaga Morita
|
0-0: Ball 1-0: Foul Ball, location: 2F 1-1: Foul Ball, location: 2F 1-2: Ball 2-2: SINGLE (Flyball, 6MD)
|
Batting: LHB José Costa
|
0-0: Fielders Choice at 2nd, U6 (Groundball, 6M)
|
Top of the 2nd over - 0 run(s), 1 hit(s), 0 error(s), 1 left on base; Greenville 0 - Kalamazoo 1 |
BOTTOM OF THE 2ND |
Kalamazoo Royale with Cheese batting - Pitching for Greenville 84s : LHP Osvaldo Cruz
|
Batting: RHB Juan Jose Guevana
|
0-0: Swinging Strike 0-1: Ball 1-1: Ball 2-1: Called Strike 2-2: Ball 3-2: Base on Balls
|
Batting: LHB David Richardson
|
0-0: Called Strike 0-1: Swinging Strike 0-2: Strikes out swinging
|
Batting: RHB Miguel Encarnación
|
0-0: Ball 1-0: Ball 2-0: Ball 3-0: Base on Balls Juan Jose Guevana to second
|
Batting: LHB Roberto Sandoval
|
0-0: Ball 1-0: Fielders Choice at 2nd, 4-6 (Groundball, 4) Juan Jose Guevana to third
|
Batting: RHB Jonathan MacVey
|
0-0: Ball 1-0: Ball 2-0: Ball 3-0: Base on Balls Roberto Sandoval to second
|
Batting: RHB Fernando Martínez
|
0-0: Called Strike 0-1: Foul Ball, location: 2F 0-2: Ball 1-2: Ball 2-2: Foul Ball, location: 2F 2-2: Ball 3-2: Fly out, F9 (Popup, 9LS)
|
Bottom of the 2nd over - 0 run(s), 0 hit(s), 0 error(s), 3 left on base; Greenville 0 - Kalamazoo 1 |
TOP OF THE 3RD |
Greenville 84s batting - Pitching for Kalamazoo Royale with Cheese : RHP Miguel Angel Rodríguez
|
Batting: LHB Brock Larsen
|
0-0: Foul Ball, location: 2F 0-1: Swinging Strike 0-2: Ground out 5-3 (Groundball, 5L)
|
Batting: LHB Mario Cornelo
|
0-0: Foul Ball, location: 2F 0-1: SINGLE (Line Drive, 8RS)
|
Batting: RHB Carlos Torres
|
0-0: SINGLE (Groundball, 4MD) Mario Cornelo to second Runner from 2nd tries for 3rd, SAFE, throw made to third Carlos Torres to second
|
Batting: LHB Chris Moore
|
0-0: Ball 1-0: SINGLE (Line Drive, 34) Mario Cornelo scores Carlos Torres to third Runner from 3rd tries for Home, SAFE, no throw or cutoff
|
Batting: RHB Enzo Díaz
|
0-0: Ball 1-0: Ball 2-0: Foul Ball, location: 2F 2-1: Foul Ball, location: 2F 2-2: Ball 3-2: Fly out, F8 (Flyball, 8RM)
|
Batting: LHB Jimmy Vickers
|
0-0: Called Strike 0-1: Foul Ball, location: 2F 0-2: Foul Ball, location: 2F 0-2: Ball 1-2: Ball 2-2: Ball 3-2: Strikes out swinging
|
Top of the 3rd over - 2 run(s), 3 hit(s), 0 error(s), 1 left on base; Greenville 2 - Kalamazoo 1 |
BOTTOM OF THE 3RD |
Kalamazoo Royale with Cheese batting - Pitching for Greenville 84s : LHP Osvaldo Cruz
|
Batting: LHB Robinson Fernández
|
0-0: Called Strike 0-1: Ball 1-1: Swinging Strike 1-2: Foul Ball, location: 2F 1-2: Strikes out swinging
|
Batting: RHB Run-ming Zhu
|
0-0: Called Strike 0-1: Ground out 6-3 (Groundball, 6)
|
Batting: RHB Juan Mendoza
|
0-0: Ball 1-0: Foul Ball, location: 2F 1-1: Foul Ball, location: 2F 1-2: Ball 2-2: Strikes out looking
|
Bottom of the 3rd over - 0 run(s), 0 hit(s), 0 error(s), 0 left on base; Greenville 2 - Kalamazoo 1 |
TOP OF THE 4TH |
Greenville 84s batting - Pitching for Kalamazoo Royale with Cheese : RHP Miguel Angel Rodríguez
|
Batting: LHB Paco Rosas
|
0-0: Ball 1-0: Called Strike 1-1: Ball 2-1: Ball 3-1: Swinging Strike 3-2: Foul Ball, location: 2F 3-2: Strikes out looking
|
Batting: LHB Kiyonaga Morita
|
0-0: Ground out 5-3 (Groundball, 56S)
|
Batting: LHB José Costa
|
0-0: Called Strike 0-1: Swinging Strike 0-2: Strikes out swinging
|
Top of the 4th over - 0 run(s), 0 hit(s), 0 error(s), 0 left on base; Greenville 2 - Kalamazoo 1 |
BOTTOM OF THE 4TH |
Kalamazoo Royale with Cheese batting - Pitching for Greenville 84s : LHP Osvaldo Cruz
|
Batting: RHB Juan Jose Guevana
|
0-0: Called Strike 0-1: Ball 1-1: Swinging Strike 1-2: Ball 2-2: Ball 3-2: Strikes out swinging
|
Batting: LHB David Richardson
|
0-0: Ground out 5-3 (Groundball, 56S)
|
Batting: RHB Miguel Encarnación
|
0-0: Fly out, F9 (Flyball, 9M)
|
Bottom of the 4th over - 0 run(s), 0 hit(s), 0 error(s), 0 left on base; Greenville 2 - Kalamazoo 1 |
TOP OF THE 5TH |
Greenville 84s batting - Pitching for Kalamazoo Royale with Cheese : RHP Miguel Angel Rodríguez
|
Pitching: RHP Fergus Wakeford
|
|
Batting: LHB Brock Larsen
|
0-0: Ball 1-0: Called Strike 1-1: Foul Ball, location: 2F 1-2: Ball 2-2: Strikes out looking
|
Batting: LHB Mario Cornelo
|
0-0: Reached on error, E6 (Groundball, 6)
|
Batting: RHB Carlos Torres
|
0-0: Ball 1-0: Called Strike 1-1: Ball 2-1: Foul Ball, location: 2F 2-2: Foul Ball, location: 2F 2-2: Fly out, F9 (Popup, 34D)
|
Batting: LHB Chris Moore
|
0-0: Ball 1-0: Foul Ball, location: 2F 1-1: Swinging Strike 1-2: Ball 2-2: Strikes out swinging
|
Top of the 5th over - 0 run(s), 0 hit(s), 1 error(s), 1 left on base; Greenville 2 - Kalamazoo 1 |
BOTTOM OF THE 5TH |
Kalamazoo Royale with Cheese batting - Pitching for Greenville 84s : LHP Osvaldo Cruz
|
Pitching: RHP Tim Hill
|
|
Batting: LHB Roberto Sandoval
|
0-0: SINGLE (Line Drive, 6MD)
|
Batting: RHB Jonathan MacVey
|
0-0: Ball 1-0: Foul Ball, location: 2F 1-1: Ball 2-1: DOUBLE (Flyball, 78XD) Roberto Sandoval to third
|
Batting: RHB Fernando Martínez
|
0-0: Ball 1-0: Swinging Strike 1-1: Ball 2-1: Ball 3-1: Foul Ball, location: 2F 3-2: Ground out 1-3 (Groundball, 13S)
|
Batting: LHB Robinson Fernández
|
0-0: Ball 1-0: Ball 2-0: Ball 3-0: Base on Balls
|
Batting: RHB Run-ming Zhu
|
0-0: Foul Ball, location: 2F 0-1: Grounds into double play, 5-4-3 (Groundball, 56)
|
Bottom of the 5th over - 0 run(s), 2 hit(s), 0 error(s), 2 left on base; Greenville 2 - Kalamazoo 1 |
TOP OF THE 6TH |
Greenville 84s batting - Pitching for Kalamazoo Royale with Cheese : RHP Fergus Wakeford
|
Batting: RHB Enzo Díaz
|
0-0: Ball 1-0: Called Strike 1-1: Ball 2-1: Ground out 5-3 (Groundball, 56)
|
Batting: LHB Jimmy Vickers
|
0-0: Called Strike 0-1: Called Strike 0-2: Strikes out swinging
|
Batting: LHB Paco Rosas
|
0-0: Ball 1-0: Called Strike 1-1: Ball 2-1: DOUBLE (Groundball, 3L)
|
Batting: LHB Kiyonaga Morita
|
0-0: Ball 1-0: Foul Ball, location: 2F 1-1: Ball 2-1: 2-RUN HOME RUN (Line Drive, 9D), Distance : 387 ft
|
Batting: LHB José Costa
|
0-0: Called Strike 0-1: Ball 1-1: Ground out 1-3 (Groundball, 25)
|
Top of the 6th over - 2 run(s), 2 hit(s), 0 error(s), 0 left on base; Greenville 4 - Kalamazoo 1 |
BOTTOM OF THE 6TH |
Kalamazoo Royale with Cheese batting - Pitching for Greenville 84s : RHP Tim Hill
|
Batting: RHB Juan Mendoza
|
0-0: Ground out 6-3 (Groundball, 6)
|
Batting: RHB Juan Jose Guevana
|
0-0: Swinging Strike 0-1: Ball 1-1: Foul Ball, location: 2F 1-2: Strikes out looking
|
Batting: LHB David Richardson
|
0-0: Called Strike 0-1: Ball 1-1: Fly out, F1 (Line Drive, 13)
|
Bottom of the 6th over - 0 run(s), 0 hit(s), 0 error(s), 0 left on base; Greenville 4 - Kalamazoo 1 |
TOP OF THE 7TH |
Greenville 84s batting - Pitching for Kalamazoo Royale with Cheese : RHP Fergus Wakeford
|
Pitching: LHP Morgan McDormand
|
|
Batting: LHB Brock Larsen
|
0-0: Ground out 4-3 (Groundball, 4M)
|
Batting: LHB Mario Cornelo
|
0-0: Called Strike 0-1: Swinging Strike 0-2: Strikes out swinging
|
Batting: RHB Carlos Torres
|
0-0: Foul Ball, location: 2F 0-1: Foul Ball, location: 2F 0-2: Ball 1-2: Ground out 4-3 (Groundball, 4M)
|
Top of the 7th over - 0 run(s), 0 hit(s), 0 error(s), 0 left on base; Greenville 4 - Kalamazoo 1 |
BOTTOM OF THE 7TH |
Kalamazoo Royale with Cheese batting - Pitching for Greenville 84s : RHP Tim Hill
|
Pitching: RHP Pierre Deschęnes
|
|
Batting: RHB Miguel Encarnación
|
0-0: Ground out 4-3 (Groundball, 34D)
|
Batting: LHB Roberto Sandoval
|
0-0: Fly out, F7 (Flyball, 78M)
|
Batting: RHB Jonathan MacVey
|
0-0: Ball 1-0: Called Strike 1-1: Ground out 5-3 (Groundball, 5)
|
Bottom of the 7th over - 0 run(s), 0 hit(s), 0 error(s), 0 left on base; Greenville 4 - Kalamazoo 1 |
TOP OF THE 8TH |
Greenville 84s batting - Pitching for Kalamazoo Royale with Cheese : LHP Morgan McDormand
|
Batting: LHB Chris Moore
|
0-0: Ball 1-0: Ground out 3-1 (Groundball, 34)
|
Batting: RHB Enzo Díaz
|
0-0: Swinging Strike 0-1: Ball 1-1: Ball 2-1: Fly out, F9 (Flyball, 89S)
|
Batting: LHB Jimmy Vickers
|
0-0: Called Strike 0-1: Ball 1-1: Called Strike 1-2: Strikes out swinging
|
Top of the 8th over - 0 run(s), 0 hit(s), 0 error(s), 0 left on base; Greenville 4 - Kalamazoo 1 |
BOTTOM OF THE 8TH |
Kalamazoo Royale with Cheese batting - Pitching for Greenville 84s : RHP Pierre Deschęnes
|
Pinch Hitting: LHB Seung-woo Yi
|
0-0: Called Strike 0-1: Fly out, F8 (Flyball, 8RD)
|
Batting: RHB Fernando Díaz
|
0-0: Ball 1-0: Swinging Strike 1-1: Foul Ball, location: 2F 1-2: Strikes out swinging
|
Batting: RHB Run-ming Zhu
|
0-0: Ball 1-0: Fly out, F8 (Flyball, 8LS)
|
Bottom of the 8th over - 0 run(s), 0 hit(s), 0 error(s), 0 left on base; Greenville 4 - Kalamazoo 1 |
TOP OF THE 9TH |
Greenville 84s batting - Pitching for Kalamazoo Royale with Cheese : LHP Morgan McDormand
|
Now in CF: Seung-woo Yi
|
|
Batting: LHB Paco Rosas
|
0-0: Ball 1-0: Called Strike 1-1: Ball 2-1: Foul Ball, location: 2F 2-2: Ball 3-2: Strikes out swinging
|
Pinch Hitting: RHB Vic Langlois
|
0-0: Ball 1-0: SOLO HOME RUN (Flyball, 8RXD), Distance : 434 ft
|
Pinch Hitting: RHB Jesús Tisnado
|
0-0: Called Strike 0-1: Ground out 2-3 (Groundball, 23)
|
Pinch Hitting: RHB Felipe Rodríguez
|
0-0: Fly out, F7 (Flyball, 7M)
|
Top of the 9th over - 1 run(s), 1 hit(s), 0 error(s), 0 left on base; Greenville 5 - Kalamazoo 1 |
BOTTOM OF THE 9TH |
Kalamazoo Royale with Cheese batting - Pitching for Greenville 84s : RHP Pierre Deschęnes
|
Pitching: RHP Curt Howard
|
|
Now at 1B: Jesús Tisnado
|
|
Now at SS: Vic Langlois
|
|
Now in LF: Gilberto Guzmán
|
|
Pinch Hitting: RHB Naomichi Aoki
|
0-0: Ball 1-0: Ball 2-0: Ball 3-0: Called Strike 3-1: SINGLE (Flyball, 78S)
|
Pinch Hitting: LHB Bill McJannett
|
0-0: Swinging Strike 0-1: Fly out, F7 (Flyball, 78M)
|
Batting: LHB David Richardson
|
0-0: Ball 1-0: Ball 2-0: Called Strike 2-1: Ball 3-1: Base on Balls Naomichi Aoki to second
|
Pinch Hitting: RHB Barney Lawson
|
0-0: Ball 1-0: Foul Ball, location: 2F 1-1: Called Strike 1-2: Ball 2-2: Foul Ball, location: 2F 2-2: Hit by Pitch Naomichi Aoki to third David Richardson to second
|
Pinch Hitting: RHB Andy Aiton
|
0-0: Swinging Strike 0-1: Fly out, F9 (Flyball, 89D) Runner from 3rd tags up, SCORES, no throw David Richardson to third
|
Pinch Hitting: SHB Luis Muńóz
|
0-0: Ball Wild Pitch! David Richardson scores Barney Lawson to second 1-0: Ground out 1-3 (Groundball, 15)
|
Bottom of the 9th over - 2 run(s), 1 hit(s), 0 error(s), 1 left on base; Greenville 5 - Kalamazoo 3 |
|